SA
WASHINGTON GENERALS @ MYRTLE BEACH SEAHAWKS
08/29/2029
 
TOP OF THE 1ST
Washington Generals batting - Pitching for Myrtle Beach Seahawks : RHP Octávio Valdéz
Pitching: RHP Octávio Valdéz
Batting: RHB Jeremy Geertsen 0-0: Foul Ball, location: 2F
0-1: SINGLE (Groundball, 6) (infield hit)
Batting: RHB Stan Wheeler 0-0: Called Strike
0-1: Foul Ball, location: 2F
0-2: Ball
1-2: Fly out, F8 (Flyball, 8RD)
Batting: RHB Bill Perkins 0-0: Called Strike
0-1: Ball
1-1: Ball
2-1: Ball
3-1: Foul Ball, location: 2F
3-2: Foul Ball, location: 2F
3-2: Strikes out swinging
Jeremy Geertsen steals 2nd base
Batter strikes out.
Batting: RHB Daryl Yandell 0-0: Ball
1-0: Ground out U3 (Groundball, 3L)
Top of the 1st over - 0 runs, 1 hit, 0 errors, 1 left on base; Washington 0 - Myrtle Beach 0
BOTTOM OF THE 1ST
Myrtle Beach Seahawks batting - Pitching for Washington Generals : RHP John Hottinger
Pitching: RHP John Hottinger
Batting: RHB Doug Allerdale 0-0: Ball
1-0: Foul Ball, location: 2F
1-1: Ball
2-1: Foul Ball, location: 2F
2-2: Ball
3-2: Strikes out swinging
Batting: RHB José Bustillo 0-0: Foul Ball, location: 2F
0-1: Swinging Strike
0-2: Strikes out swinging
Batting: LHB Danny Trautmann 0-0: Called Strike
0-1: Swinging Strike
0-2: Foul Ball, location: 2F
0-2: Ball
1-2: Foul Ball, location: 2F
1-2: Ball
2-2: Foul Ball, location: 2F
2-2: Strikes out looking
Bottom of the 1st over - 0 runs, 0 hits, 0 errors, 0 left on base; Washington 0 - Myrtle Beach 0
TOP OF THE 2ND
Washington Generals batting - Pitching for Myrtle Beach Seahawks : RHP Octávio Valdéz
Batting: RHB Jason Alston 0-0: Called Strike
0-1: Swinging Strike
0-2: Ground out 5-3 (Groundball, 5)
Batting: RHB Mike Lipide 0-0: Foul Ball, location: 2F
0-1: Called Strike
0-2: Strikes out swinging
Batting: RHB Alonso Vielma 0-0: Swinging Strike
0-1: SINGLE (Groundball, 34D)
Batting: RHB Júlio Rodríguez 0-0: Swinging Strike
0-1: Swinging Strike
0-2: Ball
Pickoff Throw to First - Error! E1
Alonso Vielma to second
1-2: Strikes out swinging
Top of the 2nd over - 0 runs, 1 hit, 1 error, 1 left on base; Washington 0 - Myrtle Beach 0
BOTTOM OF THE 2ND
Myrtle Beach Seahawks batting - Pitching for Washington Generals : RHP John Hottinger
Batting: RHB Aquiles Morda 0-0: Ball
1-0: Ball
2-0: Ball
3-0: Base on Balls
Batting: SHB Quentin Harrop 0-0: Ball
Aquiles Morda steals 2nd base
1-0: Called Strike
1-1: Foul Ball, location: 2F
1-2: Strikes out looking
Batting: LHB Dallas Ihde 0-0: Ball
1-0: Ball
2-0: Ball
3-0: Called Strike
3-1: Foul Ball, location: 2F
3-2: Foul Ball, location: 2F
3-2: Foul Ball, location: 2F
3-2: Strikes out swinging
Batting: LHB Peter Ough 0-0: Called Strike
0-1: Ball
1-1: Swinging Strike
1-2: Strikes out swinging
Bottom of the 2nd over - 0 runs, 0 hits, 0 errors, 1 left on base; Washington 0 - Myrtle Beach 0
TOP OF THE 3RD
Washington Generals batting - Pitching for Myrtle Beach Seahawks : RHP Octávio Valdéz
Batting: RHB Dan Vanblarcom 0-0: Foul Ball, location: 2F
0-1: Called Strike
0-2: Ball
1-2: Foul Ball, location: 2F
1-2: Strikes out swinging
Batting: RHB Jeremy Geertsen 0-0: Fly out, F5 (Line Drive, 56)
Batting: RHB Stan Wheeler 0-0: Ground out 4-3 (Groundball, 4)
Top of the 3rd over - 0 runs, 0 hits, 0 errors, 0 left on base; Washington 0 - Myrtle Beach 0
BOTTOM OF THE 3RD
Myrtle Beach Seahawks batting - Pitching for Washington Generals : RHP John Hottinger
Batting: LHB Gabriel Amezquita 0-0: Ball
1-0: Ball
2-0: Called Strike
2-1: Called Strike
2-2: Strikes out looking
Batting: LHB Ijsbrand Erkelens 0-0: Ground out 4-3 (Groundball, 4)
Batting: RHB Doug Allerdale 0-0: Called Strike
0-1: Ball
1-1: Called Strike
1-2: Foul Ball, location: 2F
1-2: Strikes out swinging
Bottom of the 3rd over - 0 runs, 0 hits, 0 errors, 0 left on base; Washington 0 - Myrtle Beach 0
TOP OF THE 4TH
Washington Generals batting - Pitching for Myrtle Beach Seahawks : RHP Octávio Valdéz
Batting: RHB Bill Perkins 0-0: Ground out 4-3 (Groundball, 4M)
Batting: RHB Daryl Yandell 0-0: Called Strike
0-1: Ball
1-1: Foul Ball, location: 2F
1-2: SINGLE (Groundball, 56D)
Batting: RHB Jason Alston 0-0: Called Strike
0-1: Ball
1-1: Fly out, F5 (Popup, 56S)
Batting: RHB Mike Lipide 0-0: Called Strike
0-1: Ball
1-1: Foul Ball, location: 2F
1-2: Foul Ball, location: 2F
1-2: Ball
2-2: Strikes out swinging
Top of the 4th over - 0 runs, 1 hit, 0 errors, 1 left on base; Washington 0 - Myrtle Beach 0
BOTTOM OF THE 4TH
Myrtle Beach Seahawks batting - Pitching for Washington Generals : RHP John Hottinger
Batting: RHB José Bustillo 0-0: Ball
1-0: Ball
2-0: Foul Ball, location: 2F
2-1: SINGLE (Groundball, 6D)
Batting: LHB Danny Trautmann 0-0: Called Strike
José Bustillo is caught stealing 2nd base
0-1: Ground out 6-3 (Groundball, 6)
Batting: RHB Aquiles Morda 0-0: Called Strike
0-1: Called Strike
0-2: Foul Ball, location: 2F
0-2: Ball
1-2: Strikes out swinging
Bottom of the 4th over - 0 runs, 1 hit, 0 errors, 0 left on base; Washington 0 - Myrtle Beach 0
TOP OF THE 5TH
Washington Generals batting - Pitching for Myrtle Beach Seahawks : RHP Octávio Valdéz
Batting: RHB Alonso Vielma 0-0: Called Strike
0-1: Ball
1-1: Foul Ball, location: 2F
1-2: DOUBLE (Flyball, 78D)
Batting: RHB Júlio Rodríguez 0-0: Ball
1-0: Fly out, F7 (Flyball, 7LSF)
Batting: RHB Dan Vanblarcom 0-0: Ball
1-0: Foul Ball, location: 2F
1-1: DOUBLE (Flyball, 89D)
Alonso Vielma scores
Batting: RHB Jeremy Geertsen 0-0: Fly out, F9 (Flyball, 89D)
Batting: RHB Stan Wheeler 0-0: Ball
1-0: Foul Ball, location: 2F
1-1: SINGLE (Line Drive, 4MD)
Dan Vanblarcom to third
Runner from 3rd tries for Home, SAFE, no throw
Batting: RHB Bill Perkins 0-0: Called Strike
0-1: Foul Ball, location: 2F
0-2: Strikes out looking
Top of the 5th over - 2 runs, 3 hits, 0 errors, 1 left on base; Washington 2 - Myrtle Beach 0
BOTTOM OF THE 5TH
Myrtle Beach Seahawks batting - Pitching for Washington Generals : RHP John Hottinger
Batting: SHB Quentin Harrop 0-0: Ball
1-0: Ball
2-0: Called Strike
2-1: SINGLE (Groundball, 34D)
Batting: LHB Dallas Ihde 0-0: Foul Ball, location: 2F
0-1: Called Strike
0-2: Ball
1-2: Foul Ball, location: 2F
1-2: Foul Ball, location: 2F
1-2: Strikes out swinging
Batting: LHB Peter Ough 0-0: Fly out, F6 (Popup, 6MS)
Batting: LHB Gabriel Amezquita 0-0: SINGLE (Groundball, 56S) (infield hit)
Quentin Harrop to second
Batting: LHB Ijsbrand Erkelens 0-0: Called Strike
0-1: Fly out, F7 (Flyball, 7LDF)
Bottom of the 5th over - 0 runs, 2 hits, 0 errors, 2 left on base; Washington 2 - Myrtle Beach 0
TOP OF THE 6TH
Washington Generals batting - Pitching for Myrtle Beach Seahawks : RHP Octávio Valdéz
Batting: RHB Daryl Yandell 0-0: Foul Ball, location: 2F
0-1: Called Strike
0-2: Strikes out looking
Batting: RHB Jason Alston 0-0: Called Strike
0-1: Swinging Strike
0-2: Ball
1-2: Foul Ball, location: 2F
1-2: Fly out, F3 (Line Drive, 3S)
Batting: RHB Mike Lipide 0-0: Fly out, F9 (Flyball, 9S)
Top of the 6th over - 0 runs, 0 hits, 0 errors, 0 left on base; Washington 2 - Myrtle Beach 0
BOTTOM OF THE 6TH
Myrtle Beach Seahawks batting - Pitching for Washington Generals : RHP John Hottinger
Batting: RHB Doug Allerdale 0-0: Ball
1-0: Ball
2-0: Ground out 1-3 (Groundball, 15S)
Batting: RHB José Bustillo 0-0: Ball
1-0: Ground out 6-3 (Groundball, 6)
Batting: LHB Danny Trautmann 0-0: Ball
1-0: Foul Ball, location: 2F
1-1: Called Strike
1-2: Foul Ball, location: 2F
1-2: Ball
2-2: Foul Ball, location: 2F
2-2: Ball
3-2: Base on Balls
Batting: RHB Aquiles Morda 0-0: Ball
1-0: Called Strike
1-1: Foul Ball, location: 2F
1-2: Foul Ball, location: 2F
1-2: Ball
2-2: Strikes out looking
Bottom of the 6th over - 0 runs, 0 hits, 0 errors, 1 left on base; Washington 2 - Myrtle Beach 0
TOP OF THE 7TH
Washington Generals batting - Pitching for Myrtle Beach Seahawks : RHP Octávio Valdéz
Batting: RHB Alonso Vielma 0-0: Swinging Strike
0-1: Ground out 6-3 (Groundball, 6MD)
Batting: RHB Júlio Rodríguez 0-0: Ball
1-0: Foul Ball, location: 2F
1-1: Swinging Strike
1-2: Ball
2-2: Strikes out swinging
Batting: RHB Dan Vanblarcom 0-0: Called Strike
0-1: Swinging Strike
0-2: Ball
1-2: Ball
2-2: Ball
3-2: Strikes out looking
Top of the 7th over - 0 runs, 0 hits, 0 errors, 0 left on base; Washington 2 - Myrtle Beach 0
BOTTOM OF THE 7TH
Myrtle Beach Seahawks batting - Pitching for Washington Generals : RHP John Hottinger
Batting: SHB Quentin Harrop 0-0: Swinging Strike
0-1: Ball
1-1: Fly out, F3 (Line Drive, 3)
Batting: LHB Dallas Ihde 0-0: Ground out 6-3 (Groundball, 56)
Batting: LHB Peter Ough 0-0: SINGLE (Line Drive, 6D)
Batting: LHB Gabriel Amezquita 0-0: Ball
1-0: Called Strike
1-1: Ball
2-1: Called Strike
2-2: Strikes out swinging
Bottom of the 7th over - 0 runs, 1 hit, 0 errors, 1 left on base; Washington 2 - Myrtle Beach 0
TOP OF THE 8TH
Washington Generals batting - Pitching for Myrtle Beach Seahawks : RHP Octávio Valdéz
Batting: RHB Jeremy Geertsen 0-0: Called Strike
0-1: Foul Ball, location: 2F
0-2: Foul Ball, location: 2F
0-2: Foul Ball, location: 2F
0-2: Strikes out swinging
Batting: RHB Stan Wheeler 0-0: Swinging Strike
0-1: Ball
1-1: Called Strike
1-2: Ball
2-2: Ground out 6-3 (Groundball, 6S)
Batting: RHB Bill Perkins 0-0: Swinging Strike
0-1: Foul Ball, location: 2F
0-2: Ball
1-2: Strikes out looking
Top of the 8th over - 0 runs, 0 hits, 0 errors, 0 left on base; Washington 2 - Myrtle Beach 0
BOTTOM OF THE 8TH
Myrtle Beach Seahawks batting - Pitching for Washington Generals : RHP John Hottinger
Batting: LHB Ijsbrand Erkelens 0-0: Ball
1-0: Ball
2-0: Called Strike
2-1: Called Strike
2-2: Ball
3-2: Ground out 6-3 (Groundball, 6)
Batting: RHB Doug Allerdale 0-0: SINGLE (Line Drive, 56D)
Batting: RHB José Bustillo 0-0: Ball
1-0: Called Strike
1-1: Fly out, F4 (Flyball, 34D)
Batting: LHB Danny Trautmann 0-0: SINGLE (Line Drive, 34)
Doug Allerdale to second
Runner from 2nd tries for 3rd, OUT!
Bottom of the 8th over - 0 runs, 2 hits, 0 errors, 1 left on base; Washington 2 - Myrtle Beach 0
TOP OF THE 9TH
Washington Generals batting - Pitching for Myrtle Beach Seahawks : RHP Octávio Valdéz
Batting: RHB Daryl Yandell 0-0: Swinging Strike
0-1: Foul Ball, location: 2F
0-2: Ball
1-2: Fly out, F7 (Flyball, 78S)
Batting: RHB Jason Alston 0-0: Ball
1-0: Fly out, F8 (Flyball, 8RD)
Batting: RHB Mike Lipide 0-0: Ball
1-0: Ball
2-0: Called Strike
2-1: Ball
3-1: Base on Balls
Pitching: RHP Sam Schultz
Batting: RHB Alonso Vielma 0-0: Called Strike
Mike Lipide is caught stealing 2nd base
Top of the 9th over - 0 runs, 0 hits, 0 errors, 0 left on base; Washington 2 - Myrtle Beach 0
BOTTOM OF THE 9TH
Myrtle Beach Seahawks batting - Pitching for Washington Generals : RHP John Hottinger
Pitching: RHP Randy Gabaldon
Batting: RHB Aquiles Morda 0-0: Ball
1-0: Called Strike
1-1: Foul Ball, location: 2F
1-2: Strikes out looking
Batting: SHB Quentin Harrop 0-0: Foul Ball, location: 2F
0-1: Fly out, F3 (Line Drive, 3)
Batting: LHB Dallas Ihde 0-0: Called Strike
0-1: Foul Ball, location: 2F
0-2: Ball
1-2: Ball
2-2: Fly out, F8 (Flyball, 8RM)
Bottom of the 9th over - 0 runs, 0 hits, 0 errors, 0 left on base; Washington 2 - Myrtle Beach 0
Tuesday, December 19th, 2017 - OOTP Baseball 18.8 Build 76